 Dungeon Sprint DCSS version 0.28.0-47-ge53b351184 (webtiles) character file.

Game seed: 9432945592165011370

1815 boopmooplesden the Fighter (level 8, -4/89 HPs)
             Began as a Minotaur Berserker on May 5, 2022.
             Was a High Priest of Trog.
             Slain by a ynoxinul (5 damage)
             ... summoned by an orc sorcerer
             ... in the Dungeon (Sprint III: "The Ten Rune Challenge").
             The game lasted 00:02:23 (1660 turns).

boopmooplesden the Fighter (Minotaur Berserker)     Turns: 1660, Time: 00:02:25

Health: -4/89      AC:  3    Str: 21    XL:     8   Next: 85%
Magic:  7/7        EV: 16    Int:  4    God:    Trog [*****.]
Gold:   37         SH:  0    Dex: 15    Spells: 7/7 levels left

rFire   . . .      SeeInvis .   q - +0 long sword (holy)
rCold   . . .      Faith    .   (no shield)
rNeg    . . .      Spirit   .   b - +0 animal skin
rPois   .          Reflect  .   (helmet unavailable)
rElec   .          Harm     .   j - +0 cloak
rCorr   .          Rampage  .   (no gloves)
Will    .....      NoTele   +   (no boots)
Stlth   ++........              (no amulet)
HPRegen 0.24/turn               (no ring)
MPRegen 0.10/turn               (no ring)

@: on berserk cooldown, slowed, very slow
A: horns 3, retaliatory headbutt, agile 1
a: Renounce Religion, Berserk, Trog's Hand, Brothers in Arms


You were in the Dungeon.
You worshipped Trog.
Trog was extremely pleased with you.
You visited 1 branch You collected 37 gold pieces.

Inventory:

Hand Weapons
 a - a +0 hand axe
 i - a +4 quarterstaff of chaos
 q - a +0 long sword of holy wrath (weapon)
Armour
 b - a +0 animal skin (worn)
 j - a +0 cloak (worn)
 p - a +0 cloak
Scrolls
 h - a scroll of blinking
 k - a scroll of immolation {unknown}
 l - 3 scrolls of identify
 n - a scroll of holy word {unknown}
Potions
 c - 3 potions of curing
 d - a potion of heal wounds
 e - a potion of haste
 f - 2 potions of magic
 g - a potion of berserk rage
 m - 4 potions of flight
 o - 3 potions of mutation
Miscellaneous
 r - a condenser vane


   Skills:
 + Level 14.2 Fighting
 + Level 1.9 Long Blades
 + Level 13.9 Axes
 + Level 6.0 Staves
 + Level 7.1 Armour
 + Level 8.5 Dodging
 + Level 3.2 Stealth


You had 7 spell levels left.
You didn't know any spells.
Your spell library was empty.

Dungeon Overview and Level Annotations

Branches:
Dungeon (1/1)

Altars:
Cheibriados
Dithmenos
Elyvilon
Fedhas
Gozag
Hepliaklqana
Kikubaaqudgha
Makhleb
Nemelex Xobeh
Okawaru
Qazlal
Ru
Sif Muna
Trog
Uskayaw
Vehumet
Wu Jian
Xom
Yredelemnul
Zin
The Shining One
Beogh
Jiyva
Lugonu


Innate Abilities, Weirdness & Mutations

You have a pair of large horns on your head.
You reflexively headbutt those who attack you in melee.
You are agile. (Dex +2)


Message History

The orc sorcerer casts a spell.
The orc warrior barely misses you.
You hit the orc warrior.
You kill the orc warrior!
Trog accepts your kill.
The orc sorcerer points at you and mumbles some strange words.
You suddenly lose the ability to move!
Your life force feels restored.
Your Staves skill increases to level 6!
The hellwing hits you but does no damage. x2
The orc sorcerer hits you with a +0 dagger.
The hellwing hits you but does no damage.
The hellwing hits you.
The orc sorcerer hits you with a +0 dagger.
The hellwing hits you! The hellwing hits you.
The orc sorcerer mumbles some strange words.
You are no longer berserk.
You feel yourself slow down. The hellwing hits you!
* * * LOW HITPOINT WARNING * * *
The hellwing hits you.
* * * LOW HITPOINT WARNING * * *
The orc sorcerer hits you with a +0 dagger!
* * * LOW HITPOINT WARNING * * *
The ynoxinul hits you but does no damage.
You can move again.
Your troll goes berserk!
The hellwing completely misses you. The hellwing hits you!
* * * LOW HITPOINT WARNING * * *
The orc sorcerer hits you with a +0 dagger.
* * * LOW HITPOINT WARNING * * *
The ynoxinul barely misses you. You furiously retaliate!
You headbutt the ynoxinul!
The hellwing swoops through the air toward you!
The hellwing closely misses you. You furiously retaliate!
You headbutt the hellwing, but do no damage.
The hellwing closely misses you.
Your troll bites the hellwing!!
Your troll barely misses the hellwing.
Your troll completely misses the hellwing.
The ynoxinul hits you.
You die...

#.############## $$###
..#___#___#__#$##$$#o#
..#...#__)#._#$..oo.))
..###'#'###)##.))oo.
..#..........#.$4.o
..'.⌠........#.$o#
..#...######'#o$$#
..#.⌠.#__#...#)#### #
..#...#__#...#.o@T#.#
..#'###__#...##3#4.#
..#)):#__#...'##.#.#
..#___#__'...#.).#..#
▓▓▓▓▓▓▓▓▓▓▓▓▓▓▓▓▓▓ ▓▓
, , * * *


You could see a hellwing (summoned), a ynoxinul (summoned, ally target), an orc
sorcerer and a friendly troll (summoned, berserk).

Vanquished Creatures
  A deep elf pyromancer (D)
  A shadow (D)
  A spatial vortex (D)
  2 orc warriors (D)
  A necrophage (D)
  3 two-headed ogres (D)
  A water elemental (D)
  A jelly (D)
  4 orc priests (D)
  Crazy Yiuf (D)
  A wizard (D)
  A necromancer (D)
  2 humans (D)
  A kobold demonologist (D)
  4 orcs (D)
  An endoplasm (D)
  3 rats (D)
29 creatures vanquished.

Notes
Turn   | Place    | Note
-------+----------+-------------------------------------------
     0 | D        | boopmooplesden the Minotaur Berserker began the quest for
                  | the Orb.
     0 | D        | Reached XP level 1. HP: 19/19 MP: 0/0
    10 | D        | Reached skill level 4 in Fighting
    26 | D        | Reached ** piety under Trog
    36 | D        | Noticed Crazy Yiuf
    45 | D        | Reached skill level 5 in Fighting
    45 | D        | Reached skill level 5 in Axes
    45 | D        | Reached XP level 2. HP: 23/29 MP: 1/1
    48 | D        | Killed Crazy Yiuf
    49 | D        | Reached skill level 6 in Fighting
    49 | D        | Reached XP level 3. HP: 10/38 MP: 2/2
   300 | D        | Gained mutation: You have a pair of large horns on your
                  | head. [potion of mutation]
   300 | D        | Gained mutation: You passively map a small area around you.
                  | [potion of mutation]
   300 | D        | Lost mutation: You passively map a small area around you.
                  | [potion of mutation]
   300 | D        | Gained mutation: You are agile. (Dex +2) [potion of
                  | mutation]
   307 | D        | Noticed a water elemental
   308 | D        | Killed a water elemental
   308 | D        | Reached *** piety under Trog
   309 | D        | Reached skill level 7 in Fighting
   309 | D        | Reached XP level 4. HP: 48/48 MP: 3/3
   517 | D        | Found a basalt altar of Yredelemnul.
   517 | D        | Found a shadowy altar of Dithmenos.
   517 | D        | Found a sacrificial altar of Ru.
   517 | D        | Noticed a necrophage
   520 | D        | Reached skill level 8 in Fighting
   523 | D        | Killed a necrophage
   524 | D        | Reached skill level 9 in Fighting
   524 | D        | Reached XP level 5. HP: 43/57 MP: 4/4
   696 | D        | Found a hide-covered altar of Uskayaw.
   696 | D        | Found an iron altar of Okawaru.
   697 | D        | Found a bloodstained altar of Trog.
   697 | D        | Found an ornate altar of the Wu Jian Council.
   697 | D        | Noticed a human
   697 | D        | Noticed a human
   700 | D        | Killed a human
   701 | D        | Reached skill level 10 in Fighting
   701 | D        | Reached skill level 10 in Axes
   701 | D        | Reached skill level 1 in Staves
   701 | D        | Reached skill level 5 in Armour
   701 | D        | Reached skill level 5 in Dodging
   701 | D        | Reached skill level 1 in Stealth
   701 | D        | Reached XP level 6. HP: 67/67 MP: 5/5
   701 | D        | Banished a human
   702 | D        | Reached skill level 11 in Fighting
   750 | D        | Found a glowing silver altar of Zin.
   750 | D        | Found a glowing golden altar of the Shining One.
   750 | D        | Found a white marble altar of Elyvilon.
   750 | D        | Noticed a deep elf pyromancer
   752 | D        | Noticed a fire elemental
   753 | D        | Noticed a fire elemental
   755 | D        | Killed a deep elf pyromancer
   755 | D        | Reached **** piety under Trog
   756 | D        | Reached skill level 13 in Fighting
   756 | D        | Reached XP level 7. HP: 79/79 MP: 6/6
   880 | D        | Found a radiant altar of Vehumet.
   881 | D        | Found a shimmering blue altar of Sif Muna.
   881 | D        | Found an ancient bone altar of Kikubaaqudgha.
   909 | D        | Noticed a shadow
   914 | D        | Killed a shadow
   914 | D        | Reached ***** piety under Trog
   915 | D        | Reached XP level 8. HP: 43/86 MP: 7/7
  1091 | D        | Found a blossoming altar of Fedhas.
  1091 | D        | Found a stormy altar of Qazlal.
  1091 | D        | Found a snail-covered altar of Cheibriados.
  1091 | D        | Found a burning altar of Makhleb.
  1091 | D        | Found a shimmering altar of Xom.
  1092 | D        | Found a hazy altar of Hepliaklqana.
  1092 | D        | Found an opulent altar of Gozag.
  1092 | D        | Found a sparkling altar of Nemelex Xobeh.
  1092 | D        | Found a corrupted altar of Lugonu.
  1092 | D        | Found a viscous altar of Jiyva.
  1476 | D        | Reached skill level 1 in Long Blades
  1476 | D        | Reached skill level 5 in Staves
  1639 | D        | Noticed an orc sorcerer
  1640 | D        | Noticed an orc sorcerer
  1642 | D        | Noticed a hellwing
  1643 | D        | Reached skill level 14 in Fighting
  1646 | D        | Received a gift from Trog
  1646 | D        | Reached ****** piety under Trog
  1654 | D        | Paralysed by an orc sorcerer for 5 turns
  1659 | D        | HP: 1/89 [orc sorcerer/+0 dagger (6)]
  1660 | D        | Slain by a ynoxinul

Illustrated notes

Levels and vault maps discovered:
D:        dungeon_sprint_mu [sprint_mu_entry_cave, sprint_mu_temple_rooms,
          sprint_mu_d1_spiders, sprint_mu_d2_genie, sprint_mu_d3_branching,
          sprint_mu_orc_legion, sprint_mu_elf_gauntlet, sprint_mu_hive_nellie,
          sprint_mu_lair_fedhas, sprint_mu_vaults_butterflies,
          sprint_mu_slime_circle, sprint_mu_shoals_kraken,
          sprint_mu_snake_twists, sprint_mu_blade_basic,
          sprint_mu_crypt_chambers, sprint_mu_tomb_spiral,
          sprint_mu_vestibule_basic, sprint_mu_gehenna_hellfire,
          sprint_mu_dis_giant, sprint_mu_tartarus_statrot,
          sprint_mu_cocytus_islands, sprint_mu_zot1]

Skill      XL: |  1  2  3  4  5  6  7  8 |
---------------+-------------------------+-----
Fighting       | 5 6 7 9 10 13 14 | 14.2
Axes           | 5 6 7 9 10 12 13 | 13.9
Armour         | 3 4 5 6 7 |  7.1
Dodging        | 3 4 5 7 8 |  8.5
Staves         | 1 2 3 6 |  6.0
Stealth        | 1 2 3 |  3.2
Long Blades    | 1 |  1.9

Action                   |  1- 3 |  4- 6 |  7- 9 || total
-------------------------+-------+-------+-------++-------
Melee: Hand axe          |    13 |       |       ||    13
       Headbutt          |     2 |     3 |     4 ||     9
       Quarterstaff      |     1 |    12 |    15 ||    28
       Long sword        |       |       |    16 ||    16
       Punch             |       |       |     1 ||     1
Invok: Berserk           |     2 |     2 |     3 ||     7
       Brothers in Arms  |       |       |     1 ||     1
Evoke: Condenser vane    |       |       |     1 ||     1
  Use: Potion            |     1 |       |       ||     1
 Stab: Sleeping          |       |       |     1 ||     1
Armor: Animal skin       |       |     1 |     7 ||     8
Dodge: Dodged            |     7 |     8 |    24 ||    39
